 Dungeon Crawl Stone Soup version 0.13.1-19-g4b9377e (webtiles) character file.

98 Nakatomy the Ruinous (level 2, -2/15 HPs)
             Began as a Deep Elf Conjurer on Dec 24, 2013.
             Slain by a kobold
             ... wielding a +0,+0 dwarven short sword
              (5 damage)
             ... on Level 2 of the Dungeon.
             The game lasted 00:05:40 (828 turns).

Nakatomy the Ruinous (Deep Elf Conjurer)             Turns: 828, Time: 00:05:40

HP  -2/15        AC  2     Str  5      XL: 2   Next: 82%
MP   2/6         EV 13     Int 19      God:
Gold 73          SH  0     Dex 15      Spells:  1 memorised,  3 levels left

Res.Fire  : . . .   See Invis. : .   (no weapon)
Res.Cold  : . . .   Warding    : .   a - +0 elf robe
Life Prot.: . . .   Conserve   : .   (no shield)
Res.Poison: .       Res.Corr.  : .   (no helmet)
Res.Elec. : .       Clarity    : .   (no cloak)
Sust.Abil.: . .     Spirit.Shd : .   (no gloves)
Res.Mut.  : .       Stasis     : .   (no boots)
Res.Rott. : .       Flight     : .   (no amulet)
Saprovore : . . .                    (no ring)
                                     (no ring)

@: not resistant to hostile enchantments, fairly stealthy
A: no striking features
a: no special abilities


You were on level 2 of the Dungeon.
You were not hungry.

You visited 1 branch of the dungeon, and saw 2 of its levels.

You collected 53 gold pieces.

Inventory:

Armour
 a - a +0 elven robe (worn)
Comestibles
 b - a bread ration
 f - a meat ration
 l - an apple
Scrolls
 d - 2 scrolls of remove curse {unknown}
 e - 3 scrolls of fear {unknown}
 g - a scroll of enchant armour {unknown}
 i - 2 scrolls of identify {unknown}
 m - a scroll of curse weapon {unknown}
 n - a scroll of fog {unknown}
 p - a scroll of magic mapping {unknown}
Potions
 h - a potion of degeneration {unknown}
 j - a potion of flight {unknown}
 k - a potion of agility {unknown}
 o - a potion of might {unknown}
 q - a potion of restore abilities {unknown}
Books
 c - a book of Conjurations

   Spells                             Type                      Level
   *Magic Dart                        Conjuration                  1
   Searing Ray                        Conjuration                  2
   Dazzling Spray                     Conjuration/Hexes            3
   Iskenderun's Mystic Blast          Conjuration                  4
   Iskenderun's Battlesphere          Conjuration/Charms           4
   Fulminant Prism                    Conjuration/Hexes            5


   Skills:
 - Level 2.4 Dodging
 - Level 2.4 Stealth
 - Level 1.5 Spellcasting
 + Level 5.4 Conjurations


You had 3 spell levels left.
You knew the following spells:

 Your Spells              Type           Power        Failure   Level  Hunger
a - Magic Dart            Conj           ###.         1%          1    ##.....


Dungeon Overview and Level Annotations

Branches:
Dungeon (2/27)

Altars:


Message History

Confirm with . or Enter, or press ? or * to list all spells.
Aiming: Magic Dart
Press: ? - help, Shift-Dir - straight line, f - kobold, p - ooze
Aim: a kobold, wielding a dwarven short sword The magic dart hits the kobold.
The kobold is moderately wounded.
The kobold hits you with a dwarven short sword.
The kobold hits you with a dwarven short sword.
The kobold hits you with a dwarven short sword.
* * * LOW HITPOINT WARNING * * *
Your magical contamination has completely faded away.
A bat comes into view.
The bat barely misses you.
The ooze jiggles.
The bat closely misses you.
There is a stone staircase leading up here.
The bat hits you.
* * * LOW HITPOINT WARNING * * *
The kobold hits you with a dwarven short sword.
You die...

#......(# #####.......#
#...........#
#...........#
#...........# ##########
............# #........#
#...........###........#
.......................#
............##..@......#
.....####..###.K......)#
............##.b.....<.#
.......................#
.##.#.......##J#####.###
..........%.##.# #.#
####...)...##.# #.#
#.......##.#####.#
#####..........#


You could see an ooze, a bat and a kobold.

Vanquished Creatures
  An adder (D:2)
  2 giant geckos (D:1)
  A giant cockroach (D:1)
  A hobgoblin (D:2)
  3 bats
  2 giant newts
  2 goblins
  2 kobolds (D:1)
  2 rats (D:1)
16 creatures vanquished.

Notes
Turn   | Place    | Note
--------------------------------------------------------------
     0 | D:1      | Nakatomy, the Deep Elf Conjurer, began the quest for the Orb.
     0 | D:1      | Reached XP level 1. HP: 10/10 MP: 4/4
     0 | D:1      | eXcel: uh
   456 | D:1      | Reached XP level 2. HP: 15/15 MP: 1/6
   575 | D:1      | Reached skill level 5 in Conjurations
   635 | D:2      | Nakatomy: mächtig mächtig
   635 | D:2      | Nakatomy: ach lern schonmal russisch wenn du demnächst mit lua und mir die cs welt eroberst
   635 | D:2      | Nakatomy: denn wenn man nicht mindestens 3 russen im eigenem team hat ist es definitv nicht cs!
   659 | D:2      | eXcel: ich versteh ein bisschen russisch von dem kram das mein char in bf4 immer labert!
   828 | D:2      | Slain by a kobold

Action                   || total
-------------------------++-------
 Cast: Magic Dart        ||    39
